AoeStats
← 欢乐小菜鸟

Arena

506835603Analyzed
4v4 RM · 16d ago on Sep 15, 2026· 39m 22s· 8 players
Game mode
Random Map
Map size
Large (8 player)
Population
200
Speed
Normal
Resources
Standard
Victory
Conquest
Starting age
Dark Age
Ending age
Imperial Age
RankedLock teamsTeams togetherTeam positionsShared explorationLock speedFull tech treeHidden civsTurbo modeCheats
Victory
Defeat
🇨🇳 Franks · China
958
+16
945
+17
🇹🇼 Persians · Taiwan
903
+19
🇷🇴 Teutons · Romania
865
+19
🇨🇳 Persians · China
1017
-20
🇨🇳 Chinese · China
948
-17
🇨🇳 Spanish · China
945
-17
🇨🇳 Bohemians · China
941
-17
游侠不语只会屠民
11:46 Feudal Age
15:50 Castle Age
13:52 Horse Collar
14:10 Double-Bit Axe
17:05 Bow Saw
16:56 Heavy Plow
21:44 Gold Mining
23:32 Corvinian Army
24:54 Scale Barding Armor
26:16 Wheelbarrow
26:32 Gold Shaft Mining
25:49 Stone Mining
27:57 Bloodlines
33:01 Imperial Age
32:28 Hand Cart
31:58 Loom
32:59 Chain Barding Armor
33:14 Elite Magyar Huszar
35:38 Plate Barding Armor
35:05 Husbandry
37:10 Conscription
37:26 Hoardings
36:54 Recurve Bow
37:01 Fletching
37:12 Padded Archer Armor
39:10 Bodkin Arrow
39:31 Leather Archer Armor
shenkc
12:09 Feudal Age
17:47 Castle Age
17:51 Bloodlines
37:34 Kamandaran
38:35 Crossbowman
欢乐小菜鸟
11:32 Feudal Age
15:50 Castle Age
14:12 Double-Bit Axe
17:17 Bow Saw
18:46 Wheelbarrow
25:10 Hand Cart
26:17 Loom
26:18 Town Watch
29:24 Imperial Age
27:02 Scale Barding Armor
27:00 Gold Mining
28:06 Chain Barding Armor
29:18 Forging
29:27 Husbandry
30:32 Gold Shaft Mining
29:48 Stone Mining
30:52 Plate Barding Armor
29:38 Cavalier
30:56 Siege Engineers
31:29 Iron Casting
30:45 Fletching
31:49 Chivalry
32:09 Conscription
31:15 Paladin
31:32 Pikeman
32:12 Squires
31:58 Gambesons
31:59 Arson
33:32 Scale Mail Armor
35:39 Blast Furnace
35:26 Capped Ram
36:53 Halberdier
38:21 Chain Mail Armor
38:01 Bodkin Arrow
38:07 Padded Archer Armor
roLynxLynx
12:11 Feudal Age
12:46 Double-Bit Axe
13:20 Loom
20:30 Castle Age
20:24 Wheelbarrow
20:44 Horse Collar
20:58 Gold Mining
20:59 Stone Mining
21:25 Heavy Plow
23:21 Forging
23:14 Scale Mail Armor
23:25 Forging
24:34 Fletching
24:45 Padded Archer Armor
27:53 Bloodlines
27:27 Crossbowman
33:29 Imperial Age
33:37 Stone Shaft Mining
33:16 Bow Saw
33:19 Forging
33:24 Chain Mail Armor
33:05 Bodkin Arrow
32:58 Pikeman
34:37 Squires
34:22 Arson
35:08 Conscription
35:58 Crenellations
37:51 Hoardings
38:27 Iron Casting
38:23 Plate Mail Armor
39:06 Elite Teutonic Knight
384917149
11:00 Feudal Age
14:59 Castle Age
13:07 Double-Bit Axe
13:32 Horse Collar
17:12 Loom
18:43 Gold Mining
22:36 Padded Archer Armor
28:04 Leather Archer Armor
29:25 Wheelbarrow
28:35 Town Watch
33:40 Imperial Age
31:42 Bow Saw
32:34 Stone Mining
34:05 Hand Cart
33:53 Fletching
34:17 Pikeman
35:00 Scale Mail Armor
35:49 Forging
36:12 Chain Mail Armor
37:47 Murder Holes
suansuan
12:53 Feudal Age
17:04 Castle Age
17:03 Double-Bit Axe
17:01 Horse Collar
17:14 Fletching
18:57 Wheelbarrow
20:40 Heavy Plow
22:57 Bow Saw
23:22 Bodkin Arrow
24:19 Hand Cart
25:17 Ballistics
25:36 Murder Holes
27:55 Fortified Wall
30:13 Loom
33:34 Bloodlines
32:44 Light Cavalry
33:25 Husbandry
34:44 Padded Archer Armor
38:01 Imperial Age
2531249740
10:39 Feudal Age
17:06 Castle Age
15:33 Double-Bit Axe
21:19 Horse Collar
25:43 Bow Saw
26:28 Heavy Plow
28:48 Husbandry
31:06 Wheelbarrow
31:24 Padded Archer Armor
34:28 Imperial Age
34:02 Leather Archer Armor
36:02 Chemistry
ppwt
12:05 Feudal Age
16:30 Castle Age
14:26 Double-Bit Axe
15:29 Horse Collar
19:56 Heavy Plow
21:58 Wheelbarrow
22:01 Bow Saw
22:54 Stone Mining
23:56 Hand Cart
26:32 Gold Mining
26:32 Loom
27:34 Forging
27:29 Scale Barding Armor
29:57 Chain Barding Armor
30:13 Iron Casting
30:51 Devotion
36:32 Imperial Age
34:54 Stone Shaft Mining
38:21 Blast Furnace
37:57 Plate Barding Armor
Connection lost

Rejoining the realm…

Still unreachable

The connection could not be restored.

Session expired

The server has moved on; the page needs a fresh start.